 Dungeon Crawl Stone Soup version 0.17.0-25-gefc9c12 (webtiles) character file.

3616 4thArraOfDagon the Cleaver (level 10, 77/90 HPs)
             Began as a Hill Orc Berserker on Nov 18, 2015.
             Was an Elder of Trog.
             Starved to death
             ... while paralysed
             ... on level 10 of the Dungeon.
             The game lasted 00:11:43 (2170 turns).

4thArraOfDagon the Cleaver (Hill Orc Berserker)     Turns: 2170, Time: 00:11:44

Health: 77/90      AC: 17    Str: 24    XL:     10   Next: 11%
Magic:  14/14      EV:  2    Int:  7    God:    Trog [****..]
Gold:   315        SH:  0    Dex: 10    Spells: 0 memorised, 9 levels left

rFire  . . .     SeeInvis .     t - +2 hand axe (elec)
rCold  . . .     Clarity  .     d - +0 plate armour
rNeg   . . .     SustAt   .     (no shield)
rPois  +         Gourm    .     g - +0 helmet
rElec  .         Spirit   .     o - +0 cloak
rCorr  .         Warding  .     D - +0 pair of gloves
rMut   .         Stasis   .     (no boots)
MR     +....                    (no amulet)
Stlth  ..........               m - ring of poison resistance
                                e - ring of protection from magic

@: paralysed, exhausted, fainting, slowed, somewhat resistant to hostile
enchantments, extremely unstealthy
A: no striking features
a: Berserk, Trog's Hand, Brothers in Arms, Burn Spellbooks, Renounce Religion


You were on level 10 of the Dungeon.
You worshipped Trog.
Trog was greatly pleased with you.
You were fainting.

You visited 1 branch of the dungeon, and saw 9 of its levels.
You also visited: Ossuary.

You collected 315 gold pieces.

Inventory:

Hand Weapons
 a - a +1 hand axe
 t - a +2 hand axe of electrocution (weapon)
Missiles
 E - a throwing net (quivered)
Armour
 d - a +0 plate armour (worn)
 g - a +0 helmet (worn)
 o - a +0 cloak (worn)
 D - a +0 pair of gloves (worn)
Magical Staves
 l - an uncursed staff of summoning {unknown}
Jewellery
 e - a ring of protection from magic (left hand)
 i - an uncursed ring of teleportation
 m - a ring of poison resistance (right hand)
 q - an uncursed ring of invisibility
Wands
 F - a wand of disintegration (9)
Scrolls
 p - 2 scrolls of enchant armour {unknown}
 x - a scroll of remove curse
 y - 2 scrolls of random uselessness {unknown}
 z - a scroll of teleportation
 A - a scroll of enchant weapon
 C - a scroll of fear {unknown}
Potions
 b - 2 potions of invisibility {unknown}
 j - a potion of heal wounds
 k - 2 potions of resistance
 n - 2 potions of haste {unknown}
 s - 2 potions of magic {unknown}
 u - 5 potions of curing {unknown}
 v - 2 potions of flight
 w - 2 potions of agility {unknown}
 G - a potion of brilliance {unknown}
Books
 r - a book of the Dragon

   Spells                             Type                      Level
   a - Flame Tongue                   Conjuration/Fire             1
   b - Cause Fear                     Hexes                        4
   c - Bolt of Fire                   Conjuration/Fire             6
   d - Dragon Form                    Transmutation                7
   e - Dragon's Call                  Summoning                    9
   Trog disapproves of the use of such an item.
Comestibles
 c - 4 bread rations
 f - 4 meat rations
 h - 2 beef jerkies
 B - 11 chunks of flesh


   Skills:
 + Level 8.5 Fighting
 * Level 12.2 Axes
 + Level 7.3 Armour
 - Level 1.5 Dodging
 + Level 5.7 Evocations


You had 9 spell levels left.
You didn't know any spells.

Dungeon Overview and Level Annotations

Branches:
Dungeon (10/15)              Lair (0/8) D:8
 Temple: D:4-7          Orc: D:9-12

Altars:
Dithmenos
Nemelex Xobeh
Ru
Sif Muna
Xom


Message History

Unknown command.
You miss the hungry ghost.
The hungry ghost is severely damaged.
The hungry ghost hits you.
You feel slightly more hungry.
Unknown command.
You miss the hungry ghost.
The hungry ghost is severely damaged.
You lose consciousness!
The hungry ghost hits you.
You feel slightly more hungry. The hungry ghost hits you.
You feel slightly more hungry. The hungry ghost hits you.
You feel slightly more hungry. The hungry ghost hits you.
You feel slightly more hungry. The hungry ghost hits you.
You feel slightly more hungry. The hungry ghost hits you.
You feel slightly more hungry. The hungry ghost barely misses you.
The hungry ghost hits you.
You feel slightly more hungry. The hungry ghost hits you.
The hungry ghost hits you.
You have starved to death.
You die...

#..... ## ########...
#.##.# ### #......... # #.
#.# #.. #.######.##.#
#.##.# #.# #.# #[....<. .
#.##.# #.###.###.#..# #..
#....###.##...##..# ##....
.................###...#
#.....##.##...##.W#..o.#
......##.###.###@#.###.##.o
#..##.##.###.##.)#(..ooo..#
#..##.##..........)###.##.#
...##.######.#...###
..[##.# #..###.# #####.#
#.. ... .# ## .### ##


You could see a hungry ghost.

Vanquished Creatures
  The ghost of MordorOrchid the Magician, a novice OpVM of Vehumet (D:8)
  A hill giant (D:10)
  A wyvern (D:9)
  2 wraiths
  Sigmund (D:2)
  2 yaks (D:8)
  Eustachio (D:4)
  4 orc warriors
  A necrophage (D:10)
  An ogre (D:8)
  2 elf zombies (Ossuary)
  A centaur (D:10)
  The ghost of BLOAX the Ruffian, an amateur VSTm (Ossuary)
  2 scorpions
  2 hounds
  A jelly (D:6)
  6 orc wizards
  An orc priest (D:8)
  An iguana (D:6)
  5 worker ants
  A big kobold zombie (Ossuary)
  A hound zombie (Ossuary)
  4 mummies (Ossuary)
  Robin (D:2)
  5 adders
  4 river rats (D:8)
  A shadow imp (D:10)
  3 adder zombies
  2 giant geckos
  27 orcs
  9 bats
  2 giant cockroaches (D:3)
  11 hobgoblins
  3 jackals (D:1)
  A giant gecko zombie (D:8)
  4 giant newts
  9 goblins
  A goblin zombie (Ossuary)
  4 kobolds
  4 kobold zombies (Ossuary)
  An orc zombie (Ossuary)
  12 rats
  A rat zombie (Ossuary)
148 creatures vanquished.

Notes
Turn   | Place    | Note
--------------------------------------------------------------
     0 | D:1      | 4thArraOfDagon the Hill Orc Berserker began the quest for the Orb.
     0 | D:1      | Reached XP level 1. HP: 19/19 MP: 1/1
    27 | D:1      | Reached XP level 2. HP: 27/27 MP: 2/2
   204 | D:2      | Noticed Robin
   204 | D:2      | Noticed Sigmund
   212 | D:2      | Reached ** piety under Trog
   217 | D:2      | Killed Robin
   217 | D:2      | Reached XP level 3. HP: 9/33 MP: 3/3
   219 | D:2      | Killed Sigmund
   219 | D:2      | Reached skill level 6 in Axes
   219 | D:2      | Reached XP level 4. HP: 5/41 MP: 4/4
   219 | D:2      | Reached XP level 5. HP: 5/47 MP: 5/5
   339 | D:3      | Found a sacrificial altar of Ru.
   371 | D:3      | Found a deep blue altar of Sif Muna.
   434 | D:3      | Reached skill level 5 in Fighting
   501 | D:3      | Found a shadowy altar of Dithmenos.
   562 | D:3      | Found a faded altar to an unknown god.
   840 | D:4      | Reached XP level 6. HP: 46/56 MP: 6/6
   847 | D:4      | Noticed Eustachio
   857 | D:4      | Killed Eustachio
   857 | D:4      | Reached skill level 7 in Axes
   857 | D:4      | Reached skill level 1 in Evocations
   903 | D:4      | You fall through a shaft for 2 floors!
   929 | D:6      | Reached XP level 7. HP: 61/61 MP: 6/8
  1024 | D:6      | Found a sparkling altar of Nemelex Xobeh.
  1069 | D:6      | Reached skill level 8 in Axes
  1080 | D:6      | Reached *** piety under Trog
  1085 | D:6      | Reached XP level 8. HP: 66/70 MP: 8/10
  1172 | D:7      | Reached skill level 5 in Armour
  1211 | D:7      | Found a shimmering altar of Xom.
  1260 | D:8      | Reached skill level 9 in Axes
  1442 | D:8      | Found a sand-covered staircase.
  1450 | Ossuary  | Entered an ossuary
  1450 | Ossuary  | Noticed BLOAX's ghost (amateur VSTm)
  1459 | Ossuary  | Killed BLOAX's ghost
  1467 | Ossuary  | Reached skill level 10 in Axes
  1558 | Ossuary  | Reached XP level 9. HP: 79/79 MP: 12/12
  1760 | D:8      | Noticed MordorOrchid's ghost (novice OpVM)
  1780 | D:8      | Killed MordorOrchid's ghost
  1780 | D:8      | Reached skill level 11 in Axes
  1903 | D:9      | Reached **** piety under Trog
  1907 | D:9      | Reached skill level 5 in Evocations
  2019 | D:10     | Entered Level 10 of the Dungeon
  2019 | D:10     | Noticed a hill giant
  2034 | D:10     | Killed a hill giant
  2034 | D:10     | Reached skill level 12 in Axes
  2034 | D:10     | Reached XP level 10. HP: 74/90 MP: 12/14
  2170 | D:10     | Starved to death

Action                   |  1- 3 |  4- 6 |  7- 9 | 10-12 || total
-------------------------+-------+-------+-------+-------++-------
Melee: Hand axe          |    33 |   114 |   204 |    25 ||   376
       Scythe            |       |     4 |       |       ||     4
Invok: Berserk           |     3 |     3 |     4 |     1 ||    11
       Trog's Hand       |       |     2 |     2 |       ||     4
 Abil: Evoke Teleportati |       |     2 |       |       ||     2
  Use: Potion            |     1 |       |       |       ||     1
       Scroll            |       |     2 |     8 |       ||    10
 Stab: Sleeping          |       |     1 |       |       ||     1
  Eat: Chunk             |       |     6 |     9 |     2 ||    17
